 Dungeon Crawl Stone Soup version 0.27-a0-978-g2aa4ecdaef (webtiles) character file.

Game seed: 1009611796533048576

6697 tardwrangler69 the Fighter (level 10, -2/93 HPs)
             Began as a Pale Draconian Ice Elementalist on Apr 15, 2021.
             Was a Priest of Vehumet.
             Slain by a two-headed ogre
             ... wielding a +0 giant spiked club
              (24 damage)
             ... on level 10 of the Dungeon.
             The game lasted 00:20:54 (14137 turns).

tardwrangler69 the Fighter (DrIE)                  Turns: 14137, Time: 00:20:54

Health: -2/93      AC: 16    Str: 12    XL:     10   Next: 74%
Magic:  14/17      EV: 15    Int: 18    God:    Vehumet [***...]
Gold:   661        SH:  0    Dex: 11    Spells: 12/19 levels left

rFire    . . .     SeeInvis .   f - +1 trident (vorpal)
rCold    + . .     Faith    .   (no shield)
rNeg     . . .     Spirit   .   (armour unavailable)
rPois    +         Reflect  .   (helmet restricted)
rElec    .         Harm     .   k - +1 cloak
rCorr    +         Rampage  .   (no gloves)
Will     .....                  (no boots)
Stlth    ++........             (no amulet)
HPRegen  0.25/turn              y - ring of resist corrosion
MPRegen  0.15/turn              t - ring of wizardry

@: ice-armoured, unable to read
A: breathe steam, AC +7, unfitting armour, cold-blooded, steam resistance, cold
resistance 1, poison resistance, inability to read while threatened, MP-powered
wands
a: Breathe Steam, Renounce Religion


You were on level 10 of the Dungeon.
You worshipped Vehumet.
Vehumet was most pleased with you.
You visited 2 branches of the dungeon, and saw 11 of its levels.

You collected 661 gold pieces.

Inventory:

Hand Weapons
 e - a +5 dagger of freezing
 f - a +1 vorpal trident (weapon)
 x - a +6 dagger of venom
 G - the +8 war axe "Qitoj" {drain, Contam Str+5}
   (You found it on level 9 of the Dungeon)

   A truly terrible weapon, it drains the life of those it strikes.
   It affects your strength (+5).
   It causes magical contamination when unequipped.
Missiles
 h - a throwing net
 m - 9 curare-tipped darts
 s - 6 atropa-tipped darts
Armour
 k - a +1 cloak (worn)
Jewellery
 n - a ring of positive energy
 t - a ring of wizardry (right hand)
 y - a ring of resist corrosion (left hand)
 B - a +6 ring of dexterity
Wands
 i - a wand of acid (7)
 j - a wand of flame (32)
 l - a wand of charming (10)
 p - a wand of polymorph (11)
 C - a wand of digging (3)
 D - a wand of iceblast (6)
Scrolls
 b - 7 scrolls of teleportation
 c - a scroll of enchant weapon
 g - 4 scrolls of identify
 q - 3 scrolls of enchant armour
 v - a scroll of noise {unknown}
 A - 4 scrolls of fog
 H - a scroll of holy word {unknown}
Potions
 a - a potion of ambrosia
 d - 5 potions of cancellation
 o - a potion of might
 r - a potion of heal wounds {unknown}
 u - a potion of degeneration {unknown}
 w - a potion of brilliance {unknown}
 z - a potion of attraction {unknown}
 E - 3 potions of curing
 F - a potion of invisibility


   Skills:
 - Level 10.0 Fighting
 + Level 1.2 Polearms
 - Level 10.0 Dodging
 - Level 1.7 Stealth
 - Level 5.0 Spellcasting
 - Level 8.0 Ice Magic


You had 12 spell levels left.
You knew the following spells:

 Your Spells              Type           Power      Damage    Failure   Level
a - Freeze                Ice            100%       1d11      1%          1
b - Frozen Ramparts       Ice            66%        1d8       1%          3
c - Ozocubu's Armour      Ice            33%        N/A       1%          3

Your spell library contained the following spells:

 Spells                   Type           Power      Damage    Failure   Level
 Conjure Flame            Conj/Fire      4%         6-21      4%          3
 Magic Dart               Conj           16%        1d3       1%          1
 Shock                    Conj/Air       16%        1d4       1%          1
 Searing Ray              Conj           8%         3d3       2%          2
 Static Discharge         Conj/Air       4%         N/A       2%          2
 Hailstorm                Conj/Ice       18%        3d6       3%          4
 Dazzling Flash           Conj/Hex       8%         N/A       4%          3
 Airstrike                Air            2%         N/A       14%         4
 Fulminant Prism          Conj/Hex       2%         3d6       14%         4
 Iskenderun's Mystic Bla  Conj/Tloc      4%         2d3       14%         4
 Swiftness                Air            4%         N/A       16%         3
 Metabolic Englaciation   Hex/Ice        9%         N/A       26%         5
 Lightning Bolt           Conj/Air       2%         1d13      34%         5


Dungeon Overview and Level Annotations

Branches:
Dungeon (10/15)            Temple (1/1) D:4             Orc (0/2) D:9
   Lair: D:8-11

Altars:
Ashenzari
Cheibriados
Dithmenos
Elyvilon
Fedhas
Gozag
Hepliaklqana
Kikubaaqudgha
Makhleb
Nemelex Xobeh
Okawaru
Qazlal
Ru
Sif Muna
Trog
Uskayaw
Vehumet
Wu Jian
Xom
Yredelemnul
Zin
The Shining One
Jiyva

Shops:
D:9 ((

Annotations:
D:7 1 runed translucent door, gressup's ghost, novice GrVM
D:10 2 transporters


Innate Abilities, Weirdness & Mutations

You can breathe blasts of scalding, opaque steam.
Your pale cyan-grey scales are hard. (AC +7)
You cannot fit into any form of body armour.
You are cold-blooded and may be slowed by cold attacks.
You are immune to the effects of steam.
Your flesh is cold resistant. (rC+)
Your system is resistant to poisons. (rPois)
You sometimes lose the ability to read scrolls when taking damage.
You expend magic power (3 MP) to strengthen your wands.


Message History

The wall freezes the centaur.
The wall freezes the two-headed ogre.
The wall freezes the centaur.
You barely miss the two-headed ogre. You tail-slap the two-headed ogre.
The two-headed ogre is moderately wounded.
The wall freezes the centaur.
The wall freezes the two-headed ogre!
The two-headed ogre misses you.
The two-headed ogre hits you with a +0 giant spiked club!!
The wall freezes the centaur.
You closely miss the two-headed ogre.
The two-headed ogre is moderately wounded.
The wall freezes the centaur.
The wall freezes the two-headed ogre.
The two-headed ogre hits you with a +0 giant spiked club!!
You feel threatened and lose the ability to read scrolls!
The two-headed ogre hits you but does no damage.
The wall freezes the centaur.
You hit the two-headed ogre.
The two-headed ogre is heavily wounded.
The wall freezes the centaur!
You kill the centaur!
Vehumet accepts your kill.
You feel your power returning.
The wall freezes the two-headed ogre.
The two-headed ogre barely misses you.
The two-headed ogre completely misses you.
Your Polearms skill increases to level 1!
You hit the two-headed ogre.
You tail-slap the two-headed ogre, but do no damage.
The two-headed ogre is heavily wounded.
The wall freezes the two-headed ogre.
The two-headed ogre hits you with a +0 giant spiked club!
The two-headed ogre closely misses you.
You are too injured to fight recklessly!
You are too injured to fight recklessly!
You barely miss the two-headed ogre.
Your tail-slap misses the two-headed ogre.
The two-headed ogre is severely wounded.
The frozen ramparts melt away.
The two-headed ogre hits you with a +0 giant spiked club!
* * * LOW HITPOINT WARNING * * *
The two-headed ogre hits you with a +0 giant spiked club!!
You die...

####. #. #########
####. #.......#
########....
#.#####.#
#......#.##.
#.#####.####.#.##.
#.........##.#.##)
#.#####.#.........
#@# #.####.#.##.
#....)O.#
#.####.#....
####.####
#......####. #
##.....# #.
#.###<####. ####.#
#.....#
#....###.##...
#.........#..#
#.........#...


You could see a two-headed ogre.

Vanquished Creatures
  A two-headed ogre (D:10)
  2 trolls
  A hornet (D:9)
  Sigmund (D:2)
  A shadow (D:7)
  5 yaks (D:9)
  An acid dragon (D:8)
  Duvessa (D:5)
  3 orc warriors
  A sky beast (D:7)
  2 ogres
  3 centaurs
  A necrophage (D:5)
  A phantom (D:6)
  A gnoll sergeant (D:7)
  3 kobold brigands
  A bullfrog (D:6)
  3 scorpions
  Dowan (D:5)
  A water moccasin zombie (D:6)
  13 killer bees
  5 wights
  5 howler monkeys
  A bullfrog zombie (D:7)
  2 centaur zombies
  7 orc priests
  4 jellies
  A gnoll shaman (D:8)
  6 hounds
  A bullfrog skeleton (D:5)
  An iguana (D:6)
  Jessica (D:2)
  Natasha (twice) (D:2)
  11 orc wizards
  A killer bee zombie (D:5)
  A hound skeleton (D:4)
  A howler monkey zombie (D:5)
  15 gnolls
  4 adders
  A shadow imp (D:7)
  3 dart slugs
  36 orcs
  5 ball pythons
  7 endoplasms
  5 giant cockroaches
  8 goblins
  7 hobgoblins
  7 jackals
  26 kobolds
  5 quokkas
  6 bats
  4 frilled lizards
  8 rats
244 creatures vanquished.

Vanquished Creatures (others)
  An orc wizard (D:3)
  11 plants (D:4)
12 creatures vanquished.

Grand Total: 256 creatures vanquished

Notes
Turn   | Place    | Note
-------+----------+-------------------------------------------
     0 | D:1      | tardwrangler69 the Draconian Ice Elementalist began the
                  | quest for the Orb.
     0 | D:1      | Reached XP level 1. HP: 14/14 MP: 3/3
   406 | D:1      | Reached XP level 2. HP: 10/20 MP: 3/5
  1028 | D:1      | Found a faded altar of an unknown god.
  1104 | D:1      | Reached XP level 3. HP: 14/26 MP: 0/6
  1636 | D:2      | Noticed Jessica
  1641 | D:2      | Killed Jessica
  1642 | D:2      | Reached skill level 5 in Ice Magic
  1686 | D:2      | Reached XP level 4. HP: 33/33 MP: 4/8
  1768 | D:2      | Noticed Sigmund
  1777 | D:2      | Learned a level 3 spell: Frozen Ramparts
  1781 | D:2      | Killed Sigmund
  1782 | D:2      | Reached XP level 5. HP: 22/38 MP: 1/10
  2487 | D:2      | Noticed Natasha
  2505 | D:2      | Killed Natasha
  2506 | D:2      | Reached XP level 6. HP: 22/45 MP: 4/11
  2927 | D:2      | Noticed Natasha
  2932 | D:2      | Killed Natasha
  3043 | D:3      | Found a hazy altar of Hepliaklqana.
  3116 | D:3      | Learned a level 3 spell: Ozocubu's Armour
  3460 | D:3      | Found an ancient bone altar of Kikubaaqudgha.
  4109 | D:4      | Your scales start taking on a pale cyan-grey colour.
  4109 | D:4      | Reached XP level 7. HP: 48/50 MP: 9/13
  4109 | D:4      | Gained mutation: You are immune to the effects of steam.
                  | [Pale Draconian growth]
  4228 | D:4      | Found a staircase to the Ecumenical Temple.
  4261 | Temple   | Entered the Ecumenical Temple
  4490 | Temple   | Became a worshipper of Vehumet
  4626 | D:4      | Found a hide-covered altar of Uskayaw.
  5180 | D:4      | Found an ornate altar of the Wu Jian Council.
  5618 | D:4      | Found a white marble altar of Elyvilon.
  5861 | D:5      | Entered Level 5 of the Dungeon
  6033 | D:5      | Found a shimmering blue altar of Sif Muna.
  6044 | D:5      | Reached skill level 1 in Fighting
  6149 | D:5      | Reached skill level 5 in Spellcasting
  6158 | D:5      | Reached XP level 8. HP: 52/62 MP: 4/15
  6617 | D:5      | Reached * piety under Vehumet
  6617 | D:5      | Offered knowledge of Sandblast by Vehumet.
  6834 | D:5      | Noticed Dowan
  6835 | D:5      | Noticed Duvessa
  6851 | D:5      | Killed Duvessa
  6869 | D:5      | Killed Dowan
  7571 | D:6      | Reached skill level 5 in Fighting
  7720 | D:6      | Reached skill level 5 in Dodging
  7958 | D:6      | Found an iron altar of Okawaru.
  8215 | D:6      | Found an opulent altar of Gozag.
  8215 | D:6      | Found a sparkling altar of Nemelex Xobeh.
  8375 | D:6      | Found a stormy altar of Qazlal.
  8453 | D:6      | Found a shadowy altar of Dithmenos.
  8697 | D:6      | Reached XP level 9. HP: 61/75 MP: 16/16
  8853 | D:7      | Noticed gressup's ghost (novice GrVM)
  8856 | D:7      | Found a runed translucent door.
  9072 | D:7      | Gained mutation: Your flesh is cold resistant. (rC+)
                  | [potion of mutation]
  9072 | D:7      | Gained mutation: You sometimes lose the ability to read
                  | scrolls when taking damage. [potion of mutation]
  9072 | D:7      | Gained mutation: You expend magic power (3 MP) to
                  | strengthen your wands. [potion of mutation]
  9072 | D:7      | Gained mutation: Your system is resistant to poisons.
                  | (rPois) [potion of mutation]
  9371 | D:7      | Noticed a troll
  9383 | D:7      | Killed a troll
  9745 | D:7      | Offered knowledge of Foxfire by Vehumet.
 10085 | D:7      | Reached ** piety under Vehumet
 10928 | D:8      | Noticed a two-headed ogre
 11760 | D:8      | Found a broken altar of Ashenzari.
 11868 | D:8      | Offered knowledge of Mephitic Cloud by Vehumet.
 12100 | D:9      | Reached XP level 10. HP: 85/91 MP: 11/17
 12198 | D:9      | Found Kuep's Antique Weapon Emporium.
 12246 | D:9      | Reached *** piety under Vehumet
 12545 | D:9      | Found a staircase to the Orcish Mines.
 12913 | D:9      | Found Qulah's Antique Weapon Shoppe.
 13100 | D:9      | Identified the +8 war axe "Qitoj" {drain, Contam Str+5}
 13115 | D:10     | Entered Level 10 of the Dungeon
 13122 | D:10     | Reached skill level 10 in Fighting
 13122 | D:10     | Offered knowledge of Conjure Flame by Vehumet.
 13264 | D:10     | Found a basalt altar of Yredelemnul.
 13373 | D:10     | Noticed a two-headed ogre
 13390 | D:10     | Killed a two-headed ogre
 13684 | D:10     | Found a viscous altar of Jiyva.
 13685 | D:10     | Noticed a glowing orange brain
 13849 | D:10     | Reached skill level 10 in Dodging
 13988 | D:10     | Found a transporter.
 13990 | D:10     | Found a transporter.
 14129 | D:10     | Noticed a two-headed ogre
 14136 | D:10     | Reached skill level 1 in Polearms
 14137 | D:10     | Slain by a two-headed ogre

Illustrated notes

Levels and vault maps discovered:
D:1:      eino_arrival_water_cross, layout_basic,
          shapermc_ecumenical_altar_mp_ritualfount
D:2:      kennysheep_big_flooded_room, layout_basic, uniq_natasha, uniq_jessica,
          uniq_sigmund
D:3:      layout_basic, amcnicky_altar_gilded, kiku_gazebo_pond_becter
D:4:      layout_layer_cave, nicolae_overflow_hidden_temple,
          nicolae_elyvilon_temple_path, old_standard_altar,
          minmay_temple_entry_gardened_gates
D:5:      layout_cave_pods, old_standard_altar, uniq_duvessa
D:6:      layout_loops_ring, grunt_temple_overflow_opulence,
          grunt_dithmenos_shadows, nicolae_qazlal_scattered_showers,
          kennysheep_okawaru_gauntlet, chequers_arboretum
D:7:      layout_gridville, hellmonk_ghost_happy_afterlife
D:8:      layout_basic, ashenzari_altar_1
D:9:      layout_long_grid, david_orc_2, serial_shops, nicolae_shop_crystal,
          shop
D:10:     gammafunk_jiyva_shrine, layout_loops_cross,
          nicolae_overflow_crystal_walls, st_stairs_11
Temple:   jpeg_temple_island

Skill      XL: |  1  2  3  4  5  6  7  8  9 10 |
---------------+-------------------------------+-----
Ice Magic      | 5 6 7 8 |  8.0
Spellcasting   | 3 4 5 |  5.0
Dodging        | 2 5 7 10 | 10.0
Fighting       | 2 6 9 10 | 10.0
Polearms       | 1 |  1.2
Stealth        | |  1.7

Action                   |  1- 3 |  4- 6 |  7- 9 | 10-12 || total
-------------------------+-------+-------+-------+-------++-------
Melee: Unarmed           |    25 |       |       |       ||    25
       Tailslap          |    13 |     8 |    27 |    11 ||    59
       Dagger            |    35 |    51 |   130 |       ||   216
       Short sword       |    16 |    74 |       |       ||    90
       Spear             |       |    22 |       |       ||    22
       Trident           |       |       |   189 |   107 ||   296
 Cast: Freeze            |    19 |     9 |    24 |       ||    52
       Frozen Ramparts   |       |     8 |    42 |    15 ||    65
       Ozocubu's Armour  |       |     4 |    21 |     8 ||    33
Evoke: Wand              |       |       |     5 |       ||     5
  Use: Scroll            |       |       |     9 |       ||     9
       Potion            |       |       |     6 |       ||     6
 Stab: Sleeping          |     2 |     5 |     1 |       ||     8
       Distracted        |       |       |     1 |       ||     1
Armor: Skin              |    33 |    60 |   145 |    65 ||   303
Dodge: Dodged            |    67 |    94 |   276 |    92 ||   529

Table legend: (Time is in decaauts)
 A = Elapsed time spent in this place.
 B = Non-inter-level travel time spent in this place.
 C = Inter-level travel time spent in this place.
 D = Time resting spent in this place.
 E = Time spent auto-exploring this place.
 F = Levels seen in this place.
 G = Mean time per level.
                   A        B        C        D        E       F      G
               +--------+--------+--------+--------+--------+-----+--------+
         Total |  14260 |  13800 |    460 |    483 |  11342 |  11 | 1296.4 |
       Dungeon |  13972 |  13548 |    424 |    483 |  11092 |  10 | 1397.2 |
        Temple |    288 |    252 |     36 |      0 |    250 |   1 |  288.0 |
               +--------+--------+--------+--------+--------+-----+--------+

Top non-repeatable levels by time:
     D:7: 1819 daAuts
     D:6: 1709 daAuts
     D:4: 1582 daAuts
     D:5: 1565 daAuts
     D:2: 1524 daAuts
     D:1: 1495 daAuts
     D:9: 1142 daAuts
     D:8: 1096 daAuts
     D:3: 1021 daAuts
    D:10: 1014 daAuts
  Temple: 288 daAuts
